 Dungeon Crawl Stone Soup version 0.26.1-11-gd32895ea62 (webtiles) character file.

Game seed: 16723213846216982596

43 Almogavar the Magician (level 3, 0/25 HPs)
             Began as a Demonspawn Hedge Wizard on June 3, 2021.
             Slain by a bullfrog (9 damage)
             ... on level 2 of the Dungeon.
             The game lasted 00:07:52 (2611 turns).

Almogavar the Magician (Demonspawn Hedge Wizard)    Turns: 2611, Time: 00:07:52

Health: 0/25       AC:  2    Str: 10    XL:     3   Next: 37%
Magic:  1/8        EV: 12    Int: 16    God:
Gold:   66         SH:  0    Dex: 12    Spells: 6/9 levels left

rFire    + . .     SeeInvis .   a - +0 dagger
rCold    . . .     Faith    .   (no shield)
rNeg     . . .     Spirit   .   b - +0 robe
rPois    .         Reflect  .   c - +0 hat
rElec    .         Harm     .   (no cloak)
rCorr    +         Rampage  .   (no gloves)
Will     .....                  (no boots)
Stlth    ++........             (no amulet)
HPRegen  0.08/turn              h - ring of flight
MPRegen  0.11/turn              j - ring of resist corrosion

@: no status effects
A: fire resistance 1
a: Evoke Flight


You were on level 2 of the Dungeon.
You visited 1 branch of the dungeon, and saw 2 of its levels.

You collected 66 gold pieces.

Inventory:

Hand Weapons
 a - a +0 dagger (weapon)
Armour
 b - a +0 robe (worn)
 c - a +0 hat (worn)
 d - a +0 leather armour
 g - a +0 buckler
Jewellery
 h - a ring of flight (left hand)
 j - a ring of resist corrosion (right hand)
Scrolls
 i - a scroll of remove curse {unknown}
Potions
 e - 2 potions of degeneration {unknown}
 f - a potion of heal wounds {unknown}
 k - a potion of lignification {unknown}


   Skills:
 + Level 0.6 Fighting
 + Level 0.3 Short Blades
 + Level 2.0 Dodging
 + Level 1.9 Stealth
 + Level 3.6 Spellcasting
 + Level 1.6 Conjurations
 + Level 1.0 Summonings
 + Level 0.8 Translocations


You had 6 spell levels left.
You knew the following spells:

 Your Spells              Type           Power        Failure   Level
a - Magic Dart            Conj           32%          9%          1
b - Call Imp              Summ           6%           17%         2

Your spell library contained the following spells:

 Spells                   Type           Power        Failure   Level
 Blink                    Tloc           N/A          19%         2
 Slow                     Hex            2%           26%         2
 Conjure Flame            Conj/Fire      5%           36%         3
 Mephitic Cloud           Conj/Pois/Air  4%           38%         3


Dungeon Overview and Level Annotations

Branches:
Dungeon (2/15)

Altars:


Innate Abilities, Weirdness & Mutations

Your flesh is heat resistant. (rF+)


Message History

The bullfrog barely misses you. The bullfrog hits you.
The bullfrog barely misses you.
The bullfrog releases a deep croak.
The bullfrog barely misses you.
You see here an adder skeleton.
The bullfrog closely misses you.
Casting: Magic Dart (safe; 9% risk of failure)
Confirm with . or Enter, or press ? or * to list all spells.
Aiming: Magic Dart (safe; 9% risk of failure)
Press: ? - help, Shift-Dir - straight line, f/p - bullfrog
Aim: a bullfrog (heavily wounded, 0% to evade)
The magic dart hits the bullfrog.
The bullfrog is severely wounded.
The bullfrog hits you. The bullfrog closely misses you.
Unknown command.
The bullfrog barely misses you. The bullfrog barely misses you.
The bullfrog hits you!
You die...

##### ####...## #.......##
#####........##
.............#
#...........#########
###.........#.....(...#####
......?..>..#...@F........#
#............#######.###.#
##............### #.# #.#
......##........# #.# #.#
...##.#..)......#####÷###.#
.#...........).........##.#
................####...##.#
##........†.....# #.#.##.#
.........####.### #.#.##.#


You could see a bullfrog.

Vanquished Creatures
  A dart slug (D:1)
  A leopard gecko (D:1)
  A giant cockroach (D:2)
  6 goblins
  2 hobgoblins (D:1)
  3 jackals (D:1)
  2 kobolds (D:1)
  A quokka (D:2)
  2 ball pythons
  2 bats
  3 frilled lizards
  4 rats
28 creatures vanquished.

Vanquished Creatures (collateral kills)
  An adder (D:2)
  A goblin (D:1)
  A hobgoblin (D:1)
  A jackal (D:1)
4 creatures vanquished.

Grand Total: 32 creatures vanquished

Notes
Turn   | Place    | Note
-------+----------+-------------------------------------------
     0 | D:1      | Almogavar the Demonspawn Hedge Wizard began the quest for
                  | the Orb.
     0 | D:1      | Reached XP level 1. HP: 13/13 MP: 4/4
   795 | D:1      | Gained mutation: Your flesh is heat resistant. (rF+)
                  | [demonic ancestry]
   795 | D:1      | Reached XP level 2. HP: 8/19 MP: 0/6
   984 | D:1      | Learned a level 2 spell: Call Imp
  2190 | D:2      | Reached XP level 3. HP: 25/25 MP: 5/8
  2515 | D:2      | Noticed a bullfrog
  2611 | D:2      | Slain by a bullfrog

Illustrated notes

Levels and vault maps discovered:
D:1:      psy_arrival_heroes, layout_basic
D:2:      layout_loops_ring, riverfiend_overflow_shadow_ancestor

Skill      XL: |  1  2  3 |
---------------+----------+-----
Dodging        | 2 |  2.0
Fighting       | |  0.6
Short Blades   | |  0.3
Stealth        | |  1.9
Spellcasting   | |  3.6
Conjurations   | |  1.6
Summonings     | |  1.0
Translocations | |  0.8

Action                   || total
-------------------------++-------
Melee: Dagger            ||    42
 Cast: Magic Dart        ||    75
       Call Imp          ||     5
Armor: Robe              ||    13
Dodge: Dodged            ||    61
